 Dungeon Crawl Stone Soup version 0.27-a0-951-gae3e1deef5 (webtiles) character file.

Game seed: 3054647105621136087

113040 jasper the Basher (level 15, -4/132 HPs)
             Began as a Demonspawn Delver on Apr 11, 2021.
             Was the Champion of Jiyva (penitent).
             Slain by a two-headed ogre (20 damage)
             ... on level 2 of the Orcish Mines.
             The game lasted 00:40:49 (20155 turns).

jasper the Basher (Demonspawn Delver)              Turns: 20155, Time: 00:40:50

Health: -4/132     AC: 22    Str: 24    XL:     15   Next: 79%
Magic:  16/16      EV: 11    Int:  7    God:    Jiyva [*]
Gold:   1041       SH: 12    Dex: 12    Spells: 14/14 levels left

rFire    + + .     SeeInvis .   j - +10 mace of Sulphur {vamp, +Blink Fly rElec rF-}
rCold    + + .     Faith    .   m - +0 kite shield
rNeg     . . .     Spirit   .   k - +4 chain mail {rF+}
rPois    .         Reflect  .   (helmet unavailable)
rElec    +         Harm     .   (no cloak)
rCorr    +         Rampage  .   B - +2 pair of gloves {Str+3}
Will     +....                  t - +0 pair of boots
Stlth    +.........             (no amulet)
HPRegen  0.32/turn              F - ring of the Black Skies {rF+ rC++ rCorr Stlth+}
MPRegen  0.15/turn              N - ring of Uhip {rElec rF+ Dex-5 Slay+3}

@: flying, studying Unarmed Combat
A: horns 3, demonic guardian 2, ignite blood 2, sharp scales 2, claws 1, hooves
1, high mp 1, robust 1, translucent skin 2, tendrils, engulf
}: 1/15 runes: slimy
a: Renounce Religion, Evoke Blink


You were on level 2 of the Orcish Mines.
You worshipped Jiyva.
Jiyva was demanding penance.
You visited 4 branches of the dungeon, and saw 26 of its levels.
You also visited: Volcano.

You collected 1233 gold pieces.
You spent 192 gold pieces at shops.

Inventory:

Hand Weapons
 j - the +10 mace of Sulphur (weapon) {vamp, +Blink Fly rElec rF-}
   (You found it on level 4 of the Dungeon)

   It inflicts no extra harm, but heals its wielder when it wounds a living foe.
   It makes you vulnerable to fire.
   It insulates you from electricity.
   It grants you flight.
   It lets you blink.
Missiles
 a - 8 javelins
 b - 2 throwing nets
 o - 2 curare-tipped darts
 A - 283 stones (quivered)
 C - 62 poisoned darts
 D - 19 boomerangs
 I - 7 silver javelins
Armour
 k - a +4 chain mail of fire resistance (worn)
 m - a +0 kite shield (worn)
 t - a +0 pair of boots (worn)
 w - a +0 plate armour
 B - a +2 pair of gloves of strength (worn)
 J - +0 fire dragon scales
 L - the +0 plate armour "Damnable Contraption" {Will+}
   (You found it on level 5 of the Pits of Slime)

   It increases your willpower.
 O - a +2 hat
Jewellery
 F - the ring of the Black Skies (left hand) {rF+ rC++ rCorr Stlth+}
   (You found it on level 5 of the Dungeon)

   [ring of resist corrosion]

   It protects you from fire.
   It greatly protects you from cold.
   It protects you from acid and corrosion.
   It makes you more stealthy.
 K - a +4 ring of evasion
 N - the ring of Uhip (right hand) {rElec rF+ Dex-5 Slay+3}
   (You found it on level 5 of the Pits of Slime)

   [ring of protection from fire]

   It affects your dexterity (-5).
   It affects your accuracy and damage with ranged weapons and melee attacks
   (+3).
   It protects you from fire.
   It insulates you from electricity.
Wands
 g - a wand of digging (1)
 y - a wand of paralysis (14)
 H - a wand of acid (1)
Scrolls
 c - 3 scrolls of fog
 e - 2 scrolls of fear
 h - a scroll of identify
 p - 2 scrolls of enchant armour
 s - a scroll of immolation
 P - 2 scrolls of teleportation
Potions
 d - 2 potions of might {unknown}
 f - a potion of haste
 i - a potion of attraction {unknown}
 l - a potion of mutation
 n - 2 potions of heal wounds
 q - 2 potions of flight
 r - a potion of lignification
 u - a potion of ambrosia
 v - 2 potions of brilliance {unknown}
 x - a potion of degeneration {unknown}
 z - 3 potions of curing {unknown}
 E - a potion of berserk rage {unknown}
 G - 2 potions of invisibility {unknown}
 Q - 4 potions of cancellation
Miscellaneous
 M - a tin of tremorstones (2/2)


   Skills:
 + Level 11.6 Fighting
 - Level 1.7(9.4) Axes
 - Level 13.9(14.0) Maces & Flails
 + Level 10.4 Armour
 + Level 10.5 Dodging
 - Level 4.5 Stealth
 + Level 10.2 Shields
 + Level 6.8 Evocations


You had 14 spell levels left.
You didn't know any spells.
Your spell library contained the following spells:

 Spells                   Type           Power      Damage    Failure   Level
 Beastly Appendage        Tmut           0%         N/A       99%         1
 Magic Dart               Conj           0%         1d3       99%         1
 Sting                    Tmut/Pois      0%         1d3       99%         1
 Searing Ray              Conj           0%         3d3       100%        2
 Dazzling Flash           Conj/Hex       0%         N/A       100%        3
 Ignite Poison            Fire/Tmut/Pois 0%         N/A       100%        3
 Inner Flame              Hex/Fire       0%         N/A       100%        3
 Fulminant Prism          Conj/Hex       0%         3d6       100%        4
 Hailstorm                Conj/Ice       0%         3d3       100%        4
 Iskenderun's Mystic Bla  Conj/Tloc      0%         2d3       100%        4
 Irradiate                Conj/Tmut      0%         3d13      100%        5
 Lightning Bolt           Conj/Air       0%         1d11      100%        5
 Yara's Violent Unravell  Hex/Tmut       0%         3d3       100%        5
 Blade Hands              Tmut           0%         N/A       100%        6
 Statue Form              Tmut/Erth      0%         N/A       100%        6


Dungeon Overview and Level Annotations

Branches:
Dungeon (13/15)            Temple (0/1) D:6            Lair (6/6) D:9
 Shoals (0/4) Lair:4        Snake (0/4) Lair:2        Slime (5/5) Lair:6
    Orc (2/2) D:9             Elf (0/3) Orc:2       Volcano (visited)
 Vaults: D:13-14

Altars:
Dithmenos
Elyvilon
Fedhas
Makhleb
Sif Muna
Trog
Beogh
Jiyva

Shops:
D:4 !   D:13 *   Orc:2 ?!

Annotations:
D:4 exclusion: zombie
Lair:5 exclusion: 4 oklob plants
Slime:5 Royal Jelly


Innate Abilities, Weirdness & Mutations

You have a pair of large horns on your head.
A demonic guardian rushes to your aid.
Your demonic aura often causes spilled blood to erupt in flames You are mostly covered in razor-sharp scales. (AC +2, Slay +2)
You have sharp fingernails.
You have large cloven feet.
You have an increased reservoir of magic. (+10% MP)
You are robust. (+10% HP)
Your translucent skin reduces your foes' accuracy. (Stealth)
You are covered in slimy tendrils that may disarm your opponents.
Your melee attacks may engulf your foes in ooze.


Message History

Flame seeps out of the troll.
You hear a shout!
You completely miss the two-headed ogre.
The two-headed ogre is moderately wounded.
The ogre shouts!
An orc comes into view. It is wielding a +0 mace.
The deep troll is engulfed in blazing flames.
Flame seeps out of the deep troll.
The deep troll bites you.
A demonic guardian appears!
The deep troll closely misses you. The deep troll claws you.
The two-headed ogre is engulfed in blazing flames.
Flame seeps out of the two-headed ogre.
You block the two-headed ogre's attack.
The two-headed ogre hits you but does no damage.
The troll is engulfed in blazing flames.
The troll explodes!
The fiery explosion engulfs the troll!!!
The fiery explosion engulfs the deep troll!!
The fiery explosion engulfs the two-headed ogre!
The two-headed ogre explodes!
The fiery explosion engulfs the ogre!!
The fiery explosion engulfs the troll!!
The fiery explosion engulfs you! You resist.
* * * LOW HITPOINT WARNING * * *
The troll explodes!
The fiery explosion engulfs the orc warrior!!
Flame seeps out of the orc warrior.
The orc warrior is severely wounded.
The ogre explodes!
The fiery explosion engulfs you! You resist.
* * * LOW HITPOINT WARNING * * *
The deep troll explodes!
The fiery explosion engulfs you! You resist.
* * * LOW HITPOINT WARNING * * *
The troll explodes!
The two-headed ogre is engulfed in blazing flames.
Flame seeps out of the two-headed ogre.
The two-headed ogre hits you with a +0 great mace.
* * * LOW HITPOINT WARNING * * *
Your tendrils lash around the two-headed ogre's +0 great mace and pull it to the ground!
The two-headed ogre hits you with a +0 giant club!!
You die...

###....###.....# #
###.####..#.## ...
##.##...#### ....
#......###.### .....
#.......#...○##§....
##.......#..§o.○.☼.☼.
#.....§§§§○○§°○#.☼...
##.##.§§§§§§°§§4§.#..
## ##..)#§§°@§§§....
#....#§§§§O§§....
##...§#°°§§§.....
###☼#§§§○§§☼....
....☼○§§...○...
..☼∩....○☼......
..OO..☼☼.☼......
..............o


You could see a two-headed ogre (inner flame), an ogre mage, an orc warrior
(inner flame, ally target), an ogre, an orc and a friendly orange demon
(summoned).

Vanquished Creatures
  Rupert (Lair:5)
  Nessos (D:13)
  A dire elephant (Lair:5)
  A fire dragon (Volcano)
  9 hydras
  2 boulder beetles
  3 catoblepae
  An ogre mage (Orc:2)
  A centaur warrior (D:13)
  10 two-headed ogres
  A death knight (D:12)
  An alligator (Lair:5)
  7 death yaks
  A deep troll shaman (Lair:6)
  Nergalle (Lair:1)
  2 deep trolls (Orc:2)
  A deep elf pyromancer (D:12)
  A lindwurm (Lair:5)
  3 manticores
  An ugly thing (D:12)
  5 oklob plants
  4 cyclopes
  3 salamanders (Volcano)
  5 elephants
  17 cane toads
  A gargoyle (D:13)
  4 black mambas
  2 kobold demonologists
  4 rime drakes
  15 komodo dragons
  9 trolls
  4 hornets
  A merfolk (Lair:4)
  7 polar bears
  17 blink frogs
  A shadow (D:9)
  A vampire (D:9)
  2 spriggans (Lair:5)
  7 wraiths
  49 yaks
  9 wyverns
  8 fire bats (Volcano)
  2 basilisks
  4 steam dragons
  2 vampire mosquitoes (D:12)
  2 wargs (Orc:2)
  An acid dragon (D:9)
  3 nagas (Lair:2)
  Duvessa (D:7)
  14 water moccasins
  2 hell hounds (Lair:5)
  A sky beast (D:6)
  A necrophage (D:7)
  10 orc warriors
  An ice beast (D:6)
  7 black bears
  13 ogres
  7 centaurs
  19 wolves
  7 kobold brigands
  A phantom (D:5)
  A scorpion (D:9)
  13 bullfrogs
  Dowan (D:7)
  10 wights
  15 killer bees
  6 jellies
  5 centaur zombies
  A bullfrog zombie (D:5)
  3 hounds
  A gnoll shaman (D:8)
  13 orc priests
  Jessica (D:3)
  Terence (D:2)
  11 orc wizards
  7 hell rats (Lair:5)
  Robin (D:2)
  A howler monkey zombie (D:7)
  10 adders
  4 gnolls
  2 howler monkey skeletons (D:6)
  2 white imps
  An adder skeleton (D:4)
  A worm (D:2)
  2 dart slugs
  36 orcs
  8 ball pythons
  4 bats
  2 endoplasms (D:3)
  2 giant cockroaches
  11 goblins
  8 hobgoblins
  9 jackals
  28 kobolds
  A quokka (D:2)
  5 frilled lizards
  8 rats
557 creatures vanquished.

Vanquished Creatures (collateral kills)
  A fire dragon (D:12)
  A boulder beetle (D:12)
  A gargoyle (D:12)
  A troll (Orc:2)
  4 dream sheep (Lair:4)
  A naga (Lair:2)
  2 water moccasins
  An orc priest (Orc:2)
  A giant cockroach (D:3)
  2 kobolds (D:7)
15 creatures vanquished.

Vanquished Creatures (others)
  A boulder beetle (D:12)
  Urug (D:12)
  An oklob plant (D:12)
  A cyclops (D:13)
  A black mamba (Lair:2)
  2 yaktaurs
  A komodo dragon (Lair:6)
  A tengu conjurer (D:9)
  A hornet (D:12)
  17 slime creatures
  A wraith (D:9)
  4 yaks
  A fire bat (Volcano)
  2 acid dragons
  3 water moccasins
  An orc warrior (D:9)
  A wolf (D:9)
  3 centaurs
  2 bullfrogs
  4 killer bees
  3 wights (D:9)
  An electric eel (Lair:4)
  An oklob sapling (D:12)
  104 jellies
  A centaur zombie (D:9)
  A hound (D:6)
  A gnoll shaman (D:9)
  3 orc priests
  7 orc wizards
  An iguana (D:6)
  5 adders
  A dart slug (D:1)
  10 orcs
  4 endoplasms
  5 goblins
  3 hobgoblins (D:1)
  3 jackals (D:12)
  7 ball pythons
  2 kobolds
  A bush (D:12)
  88 fungi
  263 plants
564 creatures vanquished.

Grand Total: 1136 creatures vanquished

Notes
Turn   | Place    | Note
-------+----------+-------------------------------------------
     0 | D:5      | jasper the Demonspawn Delver began the quest for the Orb.
     0 | D:5      | Reached XP level 1. HP: 18/18 MP: 1/1
    38 | D:5      | Noticed an ogre
    50 | D:4      | Identified the +10 mace of Sulphur {vamp, +Blink Fly rElec
                  | rF-}
   107 | D:4      | Noticed a hound
   116 | D:4      | Killed a hound
   117 | D:4      | Reached skill level 1 in Maces & Flails
   117 | D:4      | Gained mutation: A weak demonic guardian rushes to your
                  | aid. [demonic ancestry]
   117 | D:4      | Reached XP level 2. HP: 24/24 MP: 2/2
   117 | D:4      | Gained mutation: You are partially covered in razor-sharp
                  | scales. (AC +1, Slay +1) [demonic ancestry]
   117 | D:4      | Reached XP level 3. HP: 29/29 MP: 3/3
   379 | D:4      | Reached skill level 1 in Shields
   503 | D:4      | Reached skill level 1 in Armour
   542 | D:4      | Found Meyt's Distillery.
   846 | D:3      | Gained mutation: You are mostly covered in razor-sharp
                  | scales. (AC +2, Slay +2) [demonic ancestry]
   846 | D:3      | Reached XP level 4. HP: 33/35 MP: 4/4
   927 | D:3      | Reached skill level 2 in Maces & Flails
   967 | D:3      | Noticed Jessica
  1015 | D:2      | Found a faded altar of an unknown god.
  1021 | D:2      | Noticed Robin
  1075 | D:2      | Killed Robin
  1120 | D:2      | Became a worshipper of Jiyva Juhog the Shapeless
  1120 | D:2      | Reached * piety under Jiyva
  1418 | D:2      | Reached XP level 5. HP: 41/41 MP: 5/5
  1424 | D:2      | Noticed Terence
  1428 | D:2      | Killed Terence
  1668 | D:2      | Reached ** piety under Jiyva
  2654 | D:3      | Killed Jessica
  3228 | D:5      | Killed an ogre
  3229 | D:5      | Reached skill level 3 in Maces & Flails
  3229 | D:5      | Gained mutation: You have a pair of small horns on your
                  | head. [demonic ancestry]
  3229 | D:5      | Reached XP level 6. HP: 48/48 MP: 6/6
  3698 | D:5      | Identified the ring of the Black Skies {rF+ rC++ rCorr
                  | Stlth+}
  3865 | D:6      | Found a shadowy altar of Dithmenos.
  3919 | D:6      | Noticed a sky beast
  3929 | D:6      | Killed a sky beast
  3930 | D:6      | Reached XP level 7. HP: 54/54 MP: 7/7
  3971 | D:6      | Reached skill level 4 in Maces & Flails
  4063 | D:6      | Found a staircase to the Ecumenical Temple.
  4474 | D:6      | Found a burning altar of Makhleb.
  4619 | D:7      | Noticed a wraith
  4624 | D:7      | Killed a wraith
  4625 | D:7      | Reached XP level 8. HP: 48/61 MP: 8/8
  4642 | D:7      | Reached skill level 5 in Maces & Flails
  4653 | D:7      | Noticed a kobold demonologist
  4660 | D:7      | Noticed a hellwing
  4666 | D:7      | Killed a kobold demonologist
  4667 | D:7      | Reached skill level 5 in Fighting
  4899 | D:7      | Found a bloodstained altar of Trog.
  4949 | D:7      | Noticed Duvessa
  4949 | D:7      | Noticed Dowan
  4964 | D:7      | Killed Duvessa
  4965 | D:7      | Reached skill level 6 in Maces & Flails
  4965 | D:7      | Killed Dowan
  5270 | D:7      | Found the +5 scythe "Finisher" {speed, eviscerate}
  5279 | D:7      | Gained mutation: Your demonic aura sometimes causes spilled
                  | blood to erupt in flames [demonic ancestry]
  5279 | D:7      | Reached XP level 9. HP: 58/68 MP: 9/9
  5559 | D:8      | Reached *** piety under Jiyva
  5632 | D:8      | Gained mutation: Your melee attacks may engulf your foes in
                  | ooze. [Jiyva's grace]
  5813 | D:8      | Reached skill level 5 in Dodging
  5823 | D:8      | Reached skill level 7 in Maces & Flails
  6043 | D:9      | Reached **** piety under Jiyva
  6102 | D:9      | Found a staircase to the Orcish Mines.
  6112 | D:9      | Reached skill level 5 in Armour
  6471 | D:9      | Gained mutation: You have a pair of horns on your head.
                  | [demonic ancestry]
  6471 | D:9      | Reached XP level 10. HP: 77/77 MP: 10/10
  6477 | D:9      | Reached skill level 8 in Maces & Flails
  6483 | D:9      | Found a staircase to the Lair.
  6484 | D:9      | Gained mutation: You are covered in slimy tendrils that may
                  | disarm your opponents. [Jiyva's grace]
  6988 | D:9      | Noticed a boulder beetle
  6996 | D:9      | Killed a boulder beetle
  7101 | D:9      | Reached skill level 9 in Maces & Flails
  7107 | D:9      | Reached ***** piety under Jiyva
  8044 | D:10     | Entered Level 10 of the Dungeon
  8095 | D:10     | Paralysed by a hornet for 2 turns
  8097 | D:10     | Reached XP level 11. HP: 85/86 MP: 11/11
  8334 | D:10     | Gained mutation: Your mind is acute. (Int +2) [Jiyva's
                  | grace]
  8734 | D:10     | Found a blossoming altar of Fedhas.
  8734 | D:10     | Found a shimmering blue altar of Sif Muna.
  8915 | D:11     | Noticed a two-headed ogre
  8933 | D:11     | Killed a two-headed ogre
  8968 | D:11     | Reached skill level 10 in Maces & Flails
  9052 | D:11     | Noticed a sun demon
  9314 | D:11     | Gained mutation: You have sharp toenails. [Jiyva's grace]
  9473 | D:11     | Noticed a two-headed ogre
  9478 | D:11     | Killed a two-headed ogre
  9510 | D:11     | Reached ****** piety under Jiyva
  9994 | D:12     | Killed Urug
  9995 | D:12     | Gained mutation: Armour fits poorly on your pseudopods.
                  | [Jiyva's grace]
 10042 | D:12     | Killed an oklob plant
 10044 | D:12     | Noticed a boulder beetle
 10068 | D:12     | Killed a boulder beetle
 10150 | D:12     | Noticed a boulder beetle
 10173 | D:12     | Noticed a purple ugly thing
 10176 | D:12     | Killed a boulder beetle
 10188 | D:12     | Killed a purple ugly thing
 10224 | D:12     | Noticed a catoblepas
 10228 | D:12     | Noticed an eight-headed hydra
 10230 | D:12     | Noticed a boulder beetle
 10233 | D:12     | Killed a catoblepas
 10234 | D:12     | Reached skill level 11 in Maces & Flails
 10234 | D:12     | Gained mutation: Your demonic aura often causes spilled
                  | blood to erupt in flames [demonic ancestry]
 10234 | D:12     | Reached XP level 12. HP: 37/95 MP: 12/12
 10235 | D:12     | Noticed a death knight
 10423 | D:12     | Killed a boulder beetle
 10941 | D:12     | Identified the Almanac of Poisoning and Moulding
 11032 | D:12     | Killed an eight-headed hydra
 11228 | D:12     | Reached skill level 12 in Maces & Flails
 11232 | D:12     | Killed a death knight
 11405 | D:12     | Gained mutation: Your translucent skin slightly reduces
                  | your foes' accuracy. (Stealth) [Jiyva's grace]
 11558 | D:12     | Noticed a fire dragon
 11564 | D:12     | Killed a fire dragon
 11573 | D:12     | Identified Mesoit's Guide on Flames and Conjuration
 11986 | D:13     | Noticed a centaur warrior
 11992 | D:13     | Killed a centaur warrior
 12063 | D:13     | Found Gudoitin's General Store.
 12063 | D:13     | Noticed Nessos
 12084 | D:13     | Killed Nessos
 12085 | D:13     | Reached skill level 13 in Maces & Flails
 12099 | D:13     | Bought a potion of cancellation for 96 gold pieces
 12099 | D:13     | Bought a potion of cancellation for 96 gold pieces
 12190 | D:13     | Noticed a vault guard
 12312 | Lair:1   | Entered Level 1 of the Lair of Beasts
 12315 | Lair:1   | Noticed a death yak
 12316 | Lair:1   | Noticed a death yak
 12317 | Lair:1   | Noticed a death yak
 12330 | Lair:1   | HP: 2/95 [death yak (11)]
 12709 | D:9      | Killed a death yak
 12713 | D:9      | Killed a death yak
 12744 | D:9      | Killed a death yak
 12833 | Lair:1   | Noticed a five-headed hydra
 12842 | Lair:1   | Killed a five-headed hydra
 12870 | Lair:1   | Reached XP level 13. HP: 94/101 MP: 13/13
 13369 | Lair:1   | Noticed Nergalle
 13382 | Lair:1   | Killed Nergalle
 14139 | Lair:2   | Found a staircase to the Snake Pit.
 14251 | Lair:2   | Lost mutation: Armour fits poorly on your pseudopods.
                  | [Jiyva's grace]
 14253 | Lair:2   | Gained mutation: A demonic guardian rushes to your aid.
                  | [demonic ancestry]
 14253 | Lair:2   | Reached XP level 14. HP: 108/108 MP: 14/14
 14687 | Lair:3   | Reached skill level 1 in Evocations
 14717 | Lair:3   | Lost mutation: You have sharp toenails. [Jiyva's grace]
 15733 | Lair:4   | Reached skill level 10 in Fighting
 16488 | Lair:4   | Found a staircase to the Shoals.
 16666 | Lair:5   | Found a dark tunnel.
 16687 | Lair:5   | Gained mutation: Your translucent skin reduces your foes'
                  | accuracy. (Stealth) [Jiyva's grace]
 16691 | Volcano  | Entered a volcano
 16780 | Volcano  | Gained mutation: You are robust. (+10% HP) [Jiyva's grace]
 17107 | Lair:5   | Noticed Rupert
 17115 | Lair:5   | Killed Rupert
 17116 | Lair:5   | Gained mutation: You have a pair of large horns on your
                  | head. [demonic ancestry]
 17116 | Lair:5   | Reached XP level 15. HP: 128/128 MP: 15/15
 17125 | Lair:5   | Lost mutation: Your mind is acute. (Int +2) [Jiyva's grace]
 17354 | Lair:5   | Reached skill level 5 in Evocations
 18172 | Lair:6   | Entered Level 6 of the Lair of Beasts
 18183 | Lair:6   | Reached skill level 10 in Dodging
 18378 | Lair:6   | Reached skill level 10 in Armour
 18501 | Lair:6   | Found a staircase to the Slime Pits.
 18599 | Lair:6   | Gained mutation: Armour fits poorly on your pseudopods.
                  | [Jiyva's grace]
 18697 | Lair:6   | Reached skill level 10 in Shields
 19018 | Slime:1  | Entered Level 1 of the Pits of Slime
 19045 | Slime:4  | Noticed an acid blob
 19053 | Slime:5  | Entered Level 5 of the Pits of Slime
 19056 | Slime:5  | Gained mutation: You have large cloven feet. [Jiyva's
                  | grace]
 19059 | Slime:5  | Lost mutation: Your melee attacks may engulf your foes in
                  | ooze. [Jiyva's grace]
 19060 | Slime:5  | Gained mutation: You have an increased reservoir of magic.
                  | (+10% MP) [Jiyva's grace]
 19063 | Slime:5  | Lost mutation: Armour fits poorly on your pseudopods.
                  | [Jiyva's grace]
 19065 | Slime:5  | Gained mutation: You have sharp fingernails. [Jiyva's
                  | grace]
 19074 | Slime:5  | Noticed an azure jelly
 19077 | Slime:5  | Noticed an acid blob
 19077 | Slime:5  | Noticed an acid blob
 19078 | Slime:5  | Found a viscous altar of Jiyva.
 19078 | Slime:5  | Noticed an acid blob
 19078 | Slime:5  | Noticed the Royal Jelly
 19081 | Slime:5  | Noticed a rockslime
 19085 | Slime:5  | Identified the +0 plate armour "Damnable Contraption"
                  | {Will+}
 19096 | Slime:5  | Got a slimy rune of Zot
 19105 | Slime:5  | Identified the ring of Uhip {rElec rF+ Dex-5 Slay+3}
 19109 | Slime:5  | Identified the +5 mace of Disarray {speed, Int+4}
 19118 | Slime:5  | Identified the +6 spear of the Gnat {elec, rPois rF+}
 19130 | Slime:5  | Identified Lacotata's Tome of Dusty Transmigration
 19140 | Slime:5  | Noticed an acid blob
 19163 | Slime:5  | Noticed an azure jelly
 19400 | Slime:4  | Noticed a rockslime
 19421 | Slime:4  | Noticed an acid blob
 19687 | Orc:1    | Entered Level 1 of the Orcish Mines
 19825 | Orc:2    | Entered Level 2 of the Orcish Mines
 19871 | Orc:2    | Found a staircase to the Elven Halls.
 20012 | Orc:2    | Gained mutation: Your melee attacks may engulf your foes in
                  | ooze. [Jiyva's grace]
 20142 | Orc:2    | Found Ukumnunu's Magic Scroll Shoppe.
 20145 | Orc:2    | Found Notinlawn's Distillery.
 20150 | Orc:2    | Was placed under penance by Jiyva
 20155 | Orc:2    | Slain by a two-headed ogre

Illustrated notes

Levels and vault maps discovered:
D:1:      amcnicky_arrival_single_pillar, layout_rooms, minmay_misc_feat_cross,
          minmay_door_square, minmay_statues_item, chequers_garden
D:2:      layout_loops_ring, hellmonk_ecumenical_altar_blasted,
          minmay_snake_closets, uniq_robin, uniq_terence
D:3:      layout_rooms, uniq_jessica
D:4:      layout_gridville, serial_shops, shop
D:5:      layout_loops_cross
D:6:      layout_loops_ring, nicolae_overflow_hidden_temple,
          minmay_temple_entry_junction
D:7:      layout_cave_pools, trog_hazing_becter, minmay_guarded_unrand_finisher,
          uniq_duvessa
D:8:      layout_rooms
D:9:      cheibrodos_ideogram_h, layout_small_grid, minmay_lair_entry_grove
D:10:     layout_loops_ring, gammafunk_temple_overflow_wave, nicolae_wwwww,
          david_defended_altar_orc
D:11:     layout_basic
D:12:     minmay_the_grid_triangle_9x9_line_8_mashed
          [minmay_the_grid_triangle_9x9_odd_lines,
          minmay_the_grid_triangle_9x9_stretched_checkered,
          minmay_the_grid_triangle_9x9_impossible_snake,
          minmay_the_grid_triangle_9x9_windchime,
          minmay_the_grid_triangle_9x9_zippers_vertical,
          minmay_the_grid_triangle_9x9_sparse_checkered,
          minmay_the_grid_triangle_9x9_negative_grid,
          minmay_the_grid_triangle_9x9_prize_center], layout_rooms,
          introduction_to_nature_2, uniq_urug
D:13:     layout_long_grid, grunt_vaults_entry_fortified,
          serial_co_window_serial, co_window_paths_a, co_window_paths_a,
          co_window_paths_a, co_window_paths_a, co_window_paths_a,
          co_window_paths_a, co_window_paths_a, co_window_of_opportunity_c,
          co_window_corner_cb, co_window_cross_3, co_window_broadway_a,
          glass_columns_a, glass_columns_a, glass_columns_b, glass_columns_a,
          glass_columns_a, serial_shops, nicolae_shop_trees,
          nicolae_gozag_cash_rules_everything_around_me, uniq_nessos
Lair:1:   minmay_lair_oklob_tunnel, layout_chaotic_city,
          cheibrodos_lair_lostbears, uniq_nergalle
Lair:2:   layout_hall_layers, guppyfry_snake_entry_island
Lair:3:   layout_cave_pods
Lair:4:   layout_small_grid, elwin_shoals_entry_rooms
Lair:5:   nzn_winding_woodlands_cross [nzn_winding_woodlands_5x15_crooked,
          nzn_winding_woodlands_5x15_garden,
          nzn_winding_woodlands_5x15_split_checker,
          nzn_winding_woodlands_5x15_pockets,
          nzn_winding_woodlands_15x15_boxy_spiral], layout_misc_corridors,
          enter_volcano_3, forest_entry_grove, minmay_lair_oklob_chamber,
          uniq_rupert
Lair:6:   grunt_lair_end_beastmaster, layout_gridlike,
          nicolae_slime_entry_slimehenge
Slime:1:  layout_caves
Slime:2:  layout_caves, nicolae_slime_barrier, amcnicky_altar_lugonu_corruption
Slime:3:  layout_caves
Slime:4:  layout_caves, cheibrodos_slime_lost_civilization_6
Slime:5
Orc:1:    gammafunk_beogh_shrine, layout_caves, minmay_orc_temple_a,
          uniq_gastronok
Orc:2:    st_orc_open, layout_diamond_mine, nicolae_orc_rockfall

Skill      XL: |  1  2  3  4  5  6  7  8  9 10 11 12 13 14 15 |
---------------+----------------------------------------------+-----
Maces & Flails | 1 2 3 4 6 7 9 11 13 | 13.9
Dodging        | 2 3 4 5 6 8 9 10 | 10.5
Shields        | 1 2 3 4 8 9 10 | 10.2
Armour         | 1 2 3 4 5 6 7 8 9 10 | 10.4
Fighting       | 4 5 6 7 9 10 11 | 11.6
Evocations     | 4 6 |  6.8
Axes           | |  1.7
Stealth        | |  4.5

Action                   |  1- 3 |  4- 6 |  7- 9 | 10-12 | 13-15 || total
-------------------------+-------+-------+-------+-------+-------++-------
Melee: Mace              |    34 |   140 |   199 |   396 |   657 ||  1426
       Headbutt          |       |     1 |    37 |   106 |   217 ||   361
       Pseudopods        |       |       |       |    69 |    30 ||    99
Throw: Stone             |       |       |     1 |    12 |     1 ||    14
Invok: Request Jelly     |       |     1 |     1 |       |       ||     2
Evoke: Wand              |       |       |     1 |    12 |       ||    13
       Tin of tremorston |       |       |       |       |     3 ||     3
  Use: Scroll            |       |     5 |     1 |     7 |     5 ||    18
       Potion            |       |       |       |     1 |     1 ||     2
 Stab: Sleeping          |       |     5 |     3 |       |     5 ||    13
       Distracted        |       |     1 |       |     4 |     1 ||     6
       Petrified         |       |       |       |       |     4 ||     4
Armor: Scale mail        |    20 |    60 |   101 |    79 |   110 ||   370
       Plate armour      |       |       |       |   100 |       ||   100
       Chain mail        |       |       |       |       |   134 ||   134
Dodge: Dodged            |    24 |    60 |   111 |   166 |   348 ||   709
Block: Buckler           |     8 |    23 |    58 |    65 |       ||   154
       Kite shield       |       |       |       |    67 |   402 ||   469

Table legend: (Time is in decaauts)
 A = Elapsed time spent in this place.
 B = Non-inter-level travel time spent in this place.
 C = Inter-level travel time spent in this place.
 D = Time resting spent in this place.
 E = Time spent auto-exploring this place.
 F = Levels seen in this place.
 G = Mean time per level.
                   A        B        C        D        E       F      G
               +--------+--------+--------+--------+--------+-----+--------+
         Total |  20119 |  18956 |   1163 |   1299 |  13508 |  27 |  745.1 |
       Dungeon |  12829 |  12094 |    735 |   1171 |   8617 |  13 |  986.8 |
          Lair |   6055 |   5690 |    365 |     75 |   4304 |   6 | 1009.2 |
    Slime Pits |    486 |    425 |     61 |      0 |    319 |   5 |   97.2 |
  Orcish Mines |    452 |    452 |      0 |      0 |    268 |   2 |  226.0 |
       Volcano |    294 |    294 |      0 |     53 |      0 |   1 |  294.0 |
               +--------+--------+--------+--------+--------+-----+--------+

Top non-repeatable levels by time:
    D:12: 2000 daAuts
     D:9: 1855 daAuts
  Lair:1: 1442 daAuts
     D:8: 1262 daAuts
  Lair:5: 1260 daAuts
     D:4: 1196 daAuts
    D:11: 1071 daAuts
  Lair:4: 1069 daAuts
     D:2: 949 daAuts
  Lair:3: 878 daAuts
    D:10: 865 daAuts
  Lair:6: 856 daAuts
     D:7: 843 daAuts
     D:6: 746 daAuts
     D:5: 667 daAuts
